 Dungeon Crawl Stone Soup version 0.21.1-1-g345015fe64 (webtiles) character file.

21 Fymir27 the Grave Robber (level 2, 0/19 HPs)
             Began as a Mummy Necromancer on Apr 8, 2018.
             Slain by a scorpion (5 damage)
             ... on level 2 of the Dungeon.
             The game lasted 00:13:38 (906 turns).

Fymir27 the Grave Robber (Mummy Necromancer)         Turns: 906, Time: 00:13:39

Health: 0/19       AC:  3    Str: 11    XL:     2   Next: 65%
Magic:  1/6        EV: 12    Int: 14    God:
Gold:   104        SH:  0    Dex: 12    Spells: 5/7 levels left

rFire    x . .     SeeInvis .   i - +0 dagger
rCold    + . .     Gourm    .   (no shield)
rNeg     + + +     Faith    .   a - +0 robe
rPois    ∞         Spirit   .   m - +0 hat
rElec    .         Reflect  .   (no cloak)
rCorr    .         Harm     .   c - +0 pair of gloves
MR       +....                  (no boots)
Stlth    ++........             (no amulet)
HPRegen  0.06/turn              g - ring of protection from magic
MPRegen  0.10/turn              (no ring)

@: no status effects
A: no food or potions, fire vulnerability, cold resistance 1, negative energy
resistance 3, torment resistance, unbreathing
a: no special abilities


You were on level 2 of the Dungeon.
You were not hungry.

You visited 1 branch of the dungeon, and saw 2 of its levels.

You collected 104 gold pieces.

Inventory:

Hand Weapons
 f - a +0 spear
 i - a +0 dagger (weapon)
Missiles
 k - 15 poisoned needles
 l - 23 arrows
Armour
 a - a +0 robe (worn)
 c - a +0 pair of gloves (worn)
 m - a +0 hat (worn)
Jewellery
 g - a ring of protection from magic (left hand)
Scrolls
 d - a scroll of enchant weapon {unknown}
 e - a scroll of immolation {unknown}
 h - 3 scrolls of remove curse
 j - 2 scrolls of teleportation
Books
 b - a book of Necromancy

   Spells                             Type                      Level
   a - Pain                           Necromancy                   1
   b - Animate Skeleton               Necromancy                   1
   c - Vampiric Draining              Necromancy                   3
   d - Regeneration                   Charms/Necromancy            3
   e - Animate Dead                   Necromancy                   4
   f - Borgnjor's Vile Clutch         Necromancy/Earth             5


   Skills:
 + Level 0.2 Fighting
 + Level 1.7 Dodging
 + Level 1.6 Stealth
 + Level 3.0 Spellcasting
 + Level 4.5 Necromancy


You had 5 spell levels left.
You knew the following spells:

 Your Spells              Type           Power        Failure   Level  Hunger
a - Pain                  Necr           ##..         3%          1    N/A
b - Animate Skeleton      Necr           N/A          3%          1    N/A

Dungeon Overview and Level Annotations

Branches:
Dungeon (2/15)

Altars:


Innate Abilities, Weirdness & Mutations

You do not eat or drink.
Your flesh is vulnerable to fire.
You are immune to poison.
Your flesh is cold resistant. (rC+)
You are immune to negative energy. (rN+++)
You are immune to unholy pain and torment.
You can survive without breathing.


Message History

You kill the goblin!
The scorpion stings you. The scorpion barely misses you.
You hit the scorpion but do no damage.
The scorpion is severely wounded.
The scorpion misses you.
Your rat skeleton bites the scorpion but does no damage.
Your rat skeleton barely misses the scorpion.
You completely miss the scorpion.
The scorpion is severely wounded.
The scorpion stings you.
Your rat skeleton bites the scorpion but does no damage.
Your rat skeleton barely misses the scorpion.
You closely miss the scorpion.
The scorpion is severely wounded.
The scorpion stings you!
* * * LOW HITPOINT WARNING * * *
Your rat skeleton barely misses the scorpion.
You swap places.
The scorpion stings you.
You die...

#.......#
#.......#
#.......##
#..>......
#.?.....#
#.......#
#.s.....#
#Z@Z..?.#
##..#####
#.## #.#
####%#######
#..........#
#..........#
#..%......!#
#..........#


You could see a scorpion and 2 friendly rat skeletons.

Vanquished Creatures
  A dart slug (D:1)
  2 giant cockroaches (D:1)
  3 goblins
  2 hobgoblins
  4 kobolds
  A quokka (D:2)
  A bat (D:2)
  2 frilled lizards (D:1)
  4 rats
20 creatures vanquished.

Notes
Turn   | Place    | Note
-------+----------+-------------------------------------------
     0 | D:1      | Fymir27 the Mummy Necromancer began the quest for the Orb.
     0 | D:1      | Reached XP level 1. HP: 13/13 MP: 4/4
   249 | D:1      | Reached XP level 2. HP: 19/19 MP: 2/5
   464 | D:1      | Learned a level 1 spell: Animate Skeleton
   893 | D:2      | Noticed a scorpion
   906 | D:2      | Slain by a scorpion

Skill      XL: |  1  2 |
---------------+-------+-----
Spellcasting   | 3 |  3.0
Fighting       | |  0.2
Dodging        | |  1.7
Stealth        | |  1.6
Necromancy     | |  4.5

Action                   || total
-------------------------++-------
Melee: Dagger            ||    18
       Spear             ||     7
 Cast: Pain              ||    26
       Animate Skeleton  ||     2
  Use: Scroll            ||     2
 Stab: Sleeping          ||     1
Armor: Robe              ||     7
Dodge: Dodged            ||    21
